 Dungeon Crawl Stone Soup version 0.26-b1-32-g5d43845318 (webtiles) character file.

Game seed: 3698707985141263652

36 Gadfly the Cudgeller (level 3, 0/35 HPs)
             Began as a Troll Gladiator on Jan 6, 2021.
             Slain by Sigmund
             ... wielding a +0 scythe
              (16 damage)
             ... on level 2 of the Dungeon.
             The game lasted 00:01:46 (1096 turns).

Gadfly the Cudgeller (Troll Gladiator)              Turns: 1096, Time: 00:01:47

Health: 0/35       AC:  6    Str: 23    XL:     3   Next: 19%
Magic:  2/2        EV: 10    Int:  4    God:
Gold:   114        SH:  0    Dex: 11    Spells: 2/2 levels left

rFire    . . .     SeeInvis .   a - +1 flail
rCold    . . .     Faith    .   (no shield)
rNeg     . . .     Spirit   .   b - +0 robe
rPois    .         Reflect  .   c - +0 hat
rElec    .         Harm     .   (no cloak)
rCorr    .         Rampage  .   (gloves unavailable)
Will     .....                  (boots unavailable)
Stlth    +.........             (no amulet)
HPRegen  0.51/turn              (no ring)
MPRegen  0.08/turn              (no ring)

@: no status effects
A: large, unfitting armour, claws 3, regeneration 1, shaggy fur 1, tough skin 3
a: no special abilities


You were on level 2 of the Dungeon.
You visited 1 branch of the dungeon, and saw 2 of its levels.

You collected 114 gold pieces.

Inventory:

Hand Weapons
 a - a +1 flail (weapon)
Missiles
 d - 3 throwing nets
 e - 3 boomerangs (quivered)
Armour
 b - a +0 robe (worn)
 c - a +0 hat (worn)
Potions
 g - a potion of might {unknown}


   Skills:
 + Level 1.8 Fighting
 * Level 3.0 Maces & Flails
 * Level 2.3 Throwing
 * Level 1.1 Armour
 - Level 2.4 Dodging


You had 2 spell levels left.
You didn't know any spells.
Your spell library was empty.

Dungeon Overview and Level Annotations

Branches:
Dungeon (2/15)

Altars:

Annotations:
D:2 Sigmund


Innate Abilities, Weirdness & Mutations

You are too large for most types of armour.
You have claws for hands.
Your natural rate of healing is unusually fast.
You are covered in fur. (AC +1)
You have extremely tough skin. (AC +3)


Message History

A puff of flame appears from out of thin air!
The puff of flame hits you.
Things that are here:
a +0 dagger; a goblin corpse You hit something.
Something hits you but does no damage.
You closely miss something. Something hits you!
You miss something.
You hear some strange, mumbled words.
Something tries to affect you, but you resist.
You miss something. Something hits you.
It was a potion of curing.
You feel better. Something hits you!
You barely miss something. You miss something. Something hits you.
You miss something. Something hits you.
You miss something. Something hits you.
You miss something.
You hear some strange, mumbled words.
Something tries to affect you, but you resist.
You completely miss something. Something hits you!
You die...

######### # #...#...# .#
♣.♣.#...#
..#######.#.#)..##
........♣.♣.>....#
♣......#).##.....#
.......#♣.♣......♣#♣#♣#♣#
.P♣....#...#####@........
.PP.####♣.♣# #{♣.♣#♣#♣.##
#..# #... '..... ..#
.#..# #♣.♣ .#....#####.#
.#..### ...
#.#....#.#<#.# .<....#
♣.♣ # ####.#.....#####
......# .#.
#............# ......# .
#....#≈##[†..# .###'##
....###≈≈#≈#..#


There were no monsters in sight!

Vanquished Creatures
  2 leopard geckos (D:1)
  A ball python (D:1)
  4 bats (D:1)
  4 goblins
  6 hobgoblins
  2 frilled lizards (D:1)
  5 kobolds
  7 rats (D:1)
31 creatures vanquished.

Notes
Turn   | Place    | Note
-------+----------+-------------------------------------------
     0 | D:1      | Gadfly the Troll Gladiator began the quest for the Orb.
     0 | D:1      | Reached XP level 1. HP: 19/19 MP: 0/0
   101 | D:1      | Reached XP level 2. HP: 27/27 MP: 1/1
   209 | D:1      | Reached skill level 3 in Maces & Flails
   281 | D:1      | Reached skill level 1 in Armour
   499 | D:1      | Reached XP level 3. HP: 35/35 MP: 2/2
  1079 | D:2      | Noticed Sigmund
  1096 | D:2      | Slain by Sigmund

Illustrated notes

Levels and vault maps discovered:
D:1:      psy_arrival_statuary, layout_basic, st_stairs_6,
          minmay_misc_feat_ornament
D:2:      layout_basic, gammafunk_temple_overflow_elements, serial_forest,
          infiniplex_forest_side_room, infiniplex_forest_straight_1,
          infiniplex_forest_clump_medium, infiniplex_forest_clump_large,
          infiniplex_forest_lined_2, infiniplex_forest_straight_2,
          infiniplex_forest_lined_3, infiniplex_forest_clump_diagonal,
          infiniplex_forest_clump_double, minivault_4, minmay_unequal,
          uniq_crazy_yiuf_cottage, uniq_robin, uniq_sigmund

Skill      XL: |  1  2 |
---------------+-------+-----
Throwing       | 2 |  2.3
Maces & Flails | 3 |  3.0
Armour         | 1 |  1.1
Fighting       | |  1.8
Dodging        | |  2.4

Action                   || total
-------------------------++-------
Melee: Flail             ||   126
Throw: Boomerang         ||     1
  Use: Scroll            ||     4
       Potion            ||     1
 Stab: Sleeping          ||     1
Armor: Robe              ||    60
Dodge: Dodged            ||    88
